AoeStats
← manfred_da_pig

African Clearing

510565349Analyzed
4v4 RM · 1d ago on Oct 1, 2026· 34m 38s· 8 players
Game mode
Random Map
Map size
Large (8 player)
Population
200
Speed
Normal
Resources
Standard
Victory
Conquest
Starting age
Dark Age
Ending age
Imperial Age
RankedLock teamsTeams togetherTeam positionsShared explorationLock speedFull tech treeHidden civsTurbo modeCheats
Victory
Defeat
🇨🇱 Magyars · Chile
1546
+12
🇩🇪 Koreans · Germany
1485
+15
🇨🇱 Spanish · Chile
1469
+16
🇭🇰 Lithuanians · Hong Kong SAR China
1423
+17
🇨🇳 Maya · China
1490
-16
🇯🇵 Jurchens · Japan
1476
-16
🇨🇳 Hindustanis · China
1459
-15
🇦🇷 Magyars · Argentina
1419
-13
manfred_da_pig
10:42 Loom
13:01 Feudal Age
14:34 Double-Bit Axe
15:11 Fletching
21:21 Castle Age
22:22 Bodkin Arrow
22:26 Crossbowman
32:54 Bow Saw
[CL]Andrectho
4:09 Loom
11:54 Feudal Age
16:57 Double-Bit Axe
18:34 Horse Collar
20:04 Scale Barding Armor
21:40 Wheelbarrow
24:18 Bloodlines
26:50 Castle Age
26:53 Light Cavalry
27:33 Husbandry
27:54 Chain Barding Armor
28:53 Bow Saw
32:06 Town Watch
[CL] ~C H R I $-
3:12 Loom
14:09 Feudal Age
18:44 Castle Age
17:21 Stone Mining
31:19 Padded Archer Armor
适才相戏耳
3:42 Loom
13:50 Feudal Age
14:22 Double-Bit Axe
15:15 Gold Mining
17:49 Castle Age
16:18 Stone Mining
19:37 Bow Saw
24:20 Bloodlines
25:50 Wheelbarrow
25:40 Husbandry
26:28 Scale Barding Armor
28:07 Wheelbarrow
30:16 Chain Barding Armor
30:07 Forging
31:25 Town Watch
32:45 Horse Collar
36:06 Imperial Age
34:49 Iron Casting
35:31 Hand Cart
桐原冬子
3:54 Loom
12:38 Feudal Age
12:55 Man-at-Arms
16:55 Double-Bit Axe
17:39 Arson
24:10 Castle Age
22:12 Horse Collar
33:14 Padded Archer Armor
垃圾小士兵
9:41 Loom
12:13 Feudal Age
13:43 Double-Bit Axe
22:37 Castle Age
21:33 Scale Barding Armor
22:06 Bloodlines
23:42 Bow Saw
24:01 Town Watch
26:54 Wheelbarrow
28:00 Forging
27:43 Man-at-Arms
29:19 Chain Barding Armor
李清然
10:11 Loom
12:25 Feudal Age
14:08 Double-Bit Axe
16:42 Castle Age
19:04 Fletching
23:34 Bodkin Arrow
29:55 Padded Archer Armor
31:06 Wheelbarrow
30:16 Town Watch
32:28 Gold Mining
32:29 Stone Mining
32:22 Horse Collar
35:03 Ballistics
星梦
8:13 Loom
12:17 Feudal Age
12:56 Double-Bit Axe
22:54 Castle Age
21:26 Bloodlines
22:10 Scale Barding Armor
24:05 Wheelbarrow
23:51 Fletching
25:01 Bodkin Arrow
25:01 Town Watch
27:56 Gold Mining
30:48 Husbandry
32:06 Ballistics
Connection lost

Rejoining the realm…

Still unreachable

The connection could not be restored.

Session expired

The server has moved on; the page needs a fresh start.